 Dungeon Crawl Stone Soup version 0.18.1-48-g4cf74bf (webtiles) character file.

1182 WarriorsX the Skirmisher (level 8, -3/65 HPs)
             Began as a Human Fighter on July 24, 2016.
             Was a Believer of Nemelex Xobeh.
             Splashed by a brown very ugly thing's acid (4 damage)
             ... summoned by the player character
             ... on level 6 of the Dungeon.
             The game lasted 00:24:51 (5168 turns).

WarriorsX the Skirmisher (Human Fighter)            Turns: 5168, Time: 00:24:52

Health: -3/65      AC: 10    Str: 17    XL:     8   Next: 70%
Magic:  11/11      EV: 12    Int: 10    God:    Nemelex Xobeh [**....]
Gold:   354        SH:  0    Dex: 13    Spells: 0 memorised, 11 levels left

rFire  . . .     SeeInvis .     a - +0 war axe
rCold  . . .     Gourm    .     u - +0 scale mail (curse)
rNeg   . . .     Faith    .     (no shield)
rPois  .         Spirit   .     (helmet restricted)
rElec  .         Dismiss  .     (no cloak)
rCorr  +         Reflect  .     h - +1 pair of gloves
SustAt .         Harm     .     s - +0 pair of boots
MR     .....                    y - amulet of rage
Stlth  ..........               w - ring of resist corrosion
                                g - +3 ring of evasion

@: not resistant to hostile enchantments, extremely unstealthy
A: antennae 1
a: Renounce Religion, Evoke Berserk Rage


You were on level 6 of the Dungeon.
You worshipped Nemelex Xobeh.
Nemelex Xobeh was pleased with you.
You were very hungry.

You visited 1 branch of the dungeon, and saw 6 of its levels.

You collected 380 gold pieces.
You spent 26 gold pieces at shops.

Inventory:

Hand Weapons
 a - a +0 war axe (weapon)
Armour
 b - a +0 scale mail
 c - a +0 shield
 h - a +1 pair of gloves (worn)
 o - a +1 pair of gloves
 s - a +0 pair of boots (worn)
 u - a cursed +0 scale mail (worn)
Jewellery
 g - a +3 ring of evasion (left hand)
 j - an uncursed ring of flight
 w - a ring of resist corrosion (right hand)
 y - an amulet of rage (around neck)
Wands
 q - a wand of slowing (47/48)
Scrolls
 e - 8 scrolls of identify
 k - a scroll of noise
 l - 9 scrolls of remove curse
 r - a scroll of teleportation
Potions
 d - 2 potions of might
 i - a potion of curing
 v - a potion of agility
Miscellaneous
 m - a legendary deck of war {the Potion, drawn: 2}
 p - an ornate deck of war {drawn: 7}
 t - an ornate deck of destruction
 z - a plain deck of destruction
Comestibles
 f - 6 bread rations
 n - 3 meat rations
 x - a beef jerky


   Skills:
 + Level 6.6 Fighting
 - Level 6.0 Axes
 + Level 4.0 Armour
 - Level 1.0 Dodging
 - Level 0.2 Stealth
 - Level 3.0 Shields
 - Level 2.1 Spellcasting
 - Level 3.0 Evocations


You had 11 spell levels left.
You didn't know any spells.

Dungeon Overview and Level Annotations

Branches:
Dungeon (6/15)             Temple (0/1) D:5

Altars:
Ashenzari
Cheibriados
Elyvilon
Gozag
Kikubaaqudgha
Nemelex Xobeh
Pakellas
Ru
Trog
Xom
Yredelemnul
Zin

Shops:
D:5 ?   D:6 (


Innate Abilities, Weirdness & Mutations

You have a pair of small antennae on your head.


Message History

You draw a card...
It is the Shadow.
It gets dark.
You hear a shout! x2
You see here a club.
There is an open door here.
The darkness around you begins to abate.
There is an open door here.
There is an open door here.
You see here a short sword.
The ambient light returns to normal.
The brown very ugly thing is no longer covered in acid.
Zapping:
q - a wand of slowing (48/48)
Press: ? - help, Shift-Dir - straight line, f - brown very ugly thing
Aim: a brown very ugly thing (moderately wounded, summoned, chance to defeat MR: 44%)
The brown very ugly thing resists with some effort.
This wand has 47 charges left.
The brown very ugly thing gores you!!
* * * LOW HITPOINT WARNING * * *
You are splashed with acid!
The acid burns!
You resist.
You die...
Your body disappears without a glow.

..## #.# ...# ######### #.#
...####.......# #.#
.........####.# #.#
............#.####.#
..........#........#############
..........#.......^............#
..........#.#...<...........####
.........##.#..#@........#..####
............#...u..............#
.#############.#....(.........##
.#.......# #.#)########..##.##
.#.......#####.'∩+.............#
.#......)'.....#'########.######
.#.......#####...# #..........#
.).............>## #.#######.##
###............## #.#<# #.#


You could see a brown very ugly thing.

Vanquished Creatures
  A phantom (D:5)
  A necrophage (D:6)
  An ogre (D:4)
  A giant frog (D:6)
  A howler monkey (D:5)
  A crimson imp (D:5)
  A centaur zombie (D:6)
  A hound (D:6)
  2 orc priests
  A giant frog skeleton (D:5)
  4 orc wizards
  2 iguanas
  7 worker ants
  A worker ant zombie (D:6)
  3 gnolls (D:3)
  3 adders
  A shadow imp (D:6)
  2 oozes
  An adder skeleton (D:4)
  3 worms
  5 dart slugs
  5 giant geckos
  10 orcs
  5 bats
  6 giant cockroaches
  7 goblins
  8 hobgoblins
  4 jackals
  11 kobolds
  2 quokkas
  4 ball pythons
  2 giant gecko skeletons
  2 giant gecko zombies (D:5)
  2 giant newts (D:2)
  6 rats
117 creatures vanquished.

Vanquished Creatures (collateral kills)
  The ghost of WarriorsX the Magician, an amateur HuIE of Sif Muna (D:3)
  A quokka (D:3)
  A bat (D:3)
3 creatures vanquished.

Grand Total: 120 creatures vanquished

Notes
Turn   | Place    | Note
--------------------------------------------------------------
     0 | D:1      | WarriorsX the Human Fighter began the quest for the Orb.
     0 | D:1      | Reached XP level 1. HP: 18/18 MP: 1/1
   224 | D:1      | Reached XP level 2. HP: 24/24 MP: 2/2
   461 | D:1      | Reached skill level 1 in Spellcasting
   577 | D:1      | Reached XP level 3. HP: 29/29 MP: 4/4
  1277 | D:2      | Reached XP level 4. HP: 37/37 MP: 5/5
  1366 | D:2      | Found a sparkling altar of Nemelex Xobeh.
  1375 | D:2      | Became a worshipper of Nemelex Xobeh the Trickster
  1563 | D:3      | Found a faded altar to an unknown god.
  1571 | D:3      | Reached skill level 1 in Dodging
  1579 | D:3      | Found a sacrificial altar of Ru.
  1665 | D:3      | Received a gift from Nemelex Xobeh
  1696 | D:3      | Reached XP level 5. HP: 43/43 MP: 6/6
  1727 | D:3      | Noticed WarriorsX's ghost (amateur HuIE)
  1734 | D:3      | Killed WarriorsX's ghost
  1734 | D:3      | Reached skill level 5 in Fighting
  1734 | D:3      | Reached XP level 6. HP: 31/51 MP: 6/8
  1766 | D:3      | Found a shattered altar of Ashenzari.
  1822 | D:3      | Reached * piety under Nemelex Xobeh
  2217 | D:4      | Received a gift from Nemelex Xobeh
  2454 | D:4      | Found an ancient bone altar of Kikubaaqudgha.
  2473 | D:4      | Reached skill level 1 in Evocations
  2681 | D:4      | Reached XP level 7. HP: 55/58 MP: 10/10
  2716 | D:4      | Found a white marble altar of Elyvilon.
  3025 | D:4      | Found a shimmering altar of Xom.
  3161 | D:5      | Entered Level 5 of the Dungeon
  3280 | D:5      | Found an oddly glowing altar of Pakellas.
  3387 | D:5      | Found Keuwuh's Magic Scroll Shop.
  3408 | D:5      | Bought a scroll of identify for 26 gold pieces
  3414 | D:5      | Gained mutation: You have a pair of small antennae on your head. [potion of beneficial mutation]
  3510 | D:5      | Reached XP level 8. HP: 64/64 MP: 11/11
  3519 | D:5      | Reached skill level 5 in Axes
  3562 | D:5      | Reached ** piety under Nemelex Xobeh
  3562 | D:5      | Received a gift from Nemelex Xobeh
  3648 | D:5      | Found a staircase to the Ecumenical Temple.
  3686 | D:5      | Found a glowing silver altar of Zin.
  3793 | D:5      | Found a bloodstained altar of Trog.
  3793 | D:5      | Found a snail-covered altar of Cheibriados.
  4041 | D:5      | Found an opulent altar of Gozag.
  4045 | D:5      | Found a basalt altar of Yredelemnul.
  4197 | D:6      | Found Igemut's Antique Weapon Emporium.
  5130 | D:6      | Received a gift from Nemelex Xobeh
  5141 | D:6      | Noticed a brown very ugly thing
  5168 | D:6      | HP: 1/65 [brown very ugly thing[the player character] (19)]
  5168 | D:6      | Splashed by a brown very ugly thing's acid

Skill      XL: |  1  2  3  4  5  6  7  8 |
---------------+-------------------------+-----
Spellcasting   | 1 2 |  2.1
Fighting       | 4 5 6 |  6.6
Dodging        | 1 |  1.0
Evocations     | 1 2 3 |  3.0
Axes           | 4 6 |  6.0
Armour         | 4 |  4.0
Stealth        | |  0.2
Shields        | |  3.0

Action                   |  1- 3 |  4- 6 |  7- 9 || total
-------------------------+-------+-------+-------++-------
Melee: War axe           |   104 |   141 |   244 ||   489
Evoke: Deck              |       |     2 |     7 ||     9
       Wand              |       |       |     1 ||     1
  Use: Scroll            |       |     5 |     4 ||     9
       Potion            |       |     3 |     2 ||     5
  Eat: Chunk             |     1 |     5 |     7 ||    13
Armor: Scale mail        |    52 |    68 |    92 ||   212
Dodge: Dodged            |    55 |   100 |   185 ||   340
